 Dungeon Crawl Stone Soup version 0.18-a0-1628-g61c6396 (webtiles) character file.

57 Oddball22 the Skirmisher (level 4, 0/23 HPs)
             Began as a Vine Stalker Artificer on Mar 25, 2016.
             Was an Initiate of Nemelex Xobeh.
             Killed from afar by Ijyb (7 damage)
             ... with a wand of lightning
             ... on level 3 of the Dungeon.
             The game lasted 00:02:31 (1096 turns).

Oddball22 the Skirmisher (Vine Stalker Artificer)   Turns: 1096, Time: 00:02:32

Health: 0/23       AC:  3    Str: 14    XL:     4   Next: 0%
Magic:  0/7        EV: 12    Int: 12    God:    Nemelex Xobeh [......]
Gold:   77         SH:  0    Dex: 15    Spells: 0 memorised, 3 levels left

rFire  . . .     SeeInvis .     i - +0 dagger (venom)
rCold  . . .     Gourm    .     b - +0 leather armour
rNeg   . . .     Faith    .     (no shield)
rPois  .         Spirit   +     (no helmet)
rElec  .         Dismiss  .     (no cloak)
rCorr  .         Reflect  .     (no gloves)
SustAt .         Harm     .     (no boots)
MR     .....                    (no amulet)
Stlth  ++........               (no ring)
                                (no ring)

@: not resistant to hostile enchantments, unstealthy
A: fangs 2, regeneration 1, magic shield, antimagic bite, no device heal 3, rot
immunity
a: Renounce Religion


You were on level 3 of the Dungeon.
You worshipped Nemelex Xobeh.
Nemelex Xobeh was noncommittal.
You were not hungry.

You visited 1 branch of the dungeon, and saw 3 of its levels.

You collected 77 gold pieces.

Inventory:

Hand Weapons
 i - a +0 dagger of venom (weapon)
Armour
 b - a +0 leather armour (worn)
Wands
 c - a wand of flame (15/48)
 d - a wand of enslavement (15/24)
 e - a wand of random effects (15/48)
Scrolls
 a - 4 scrolls of fear {unknown}
 g - a scroll of enchant armour {unknown}
 h - a scroll of teleportation {unknown}
 k - a scroll of remove curse {unknown}
 o - a scroll of immolation {unknown}
 r - 3 scrolls of amnesia {unknown}
 t - 3 scrolls of enchant weapon {unknown}
Potions
 j - a potion of curing {unknown}
 l - 2 potions of degeneration {unknown}
 q - 2 potions of heal wounds {unknown}
 s - a potion of lignification {unknown}
Comestibles
 f - a bread ration
 m - a beef jerky
 n - 2 chunks of flesh
 p - 4 fruits


   Skills:
 * Level 2.7 Fighting
 - Level 0.8 Short Blades
 + Level 2.2 Dodging
 - Level 1.2 Stealth
 + Level 0.2 Spellcasting
 + Level 2.6 Evocations


You had 3 spell levels left.
You didn't know any spells.

Dungeon Overview and Level Annotations

Branches:
Dungeon (2/15)

Altars:
Dithmenos
Gozag
Nemelex Xobeh
Yredelemnul

Annotations:
D:3 Ijyb


Innate Abilities, Weirdness & Mutations

You have extremely sharp teeth.
Your natural rate of healing is unusually fast.
When hurt, damage is shared between your health and your magic reserves.
Your bite disrupts and absorbs the magic of your enemies.
Potions and wands cannot restore your health.
You are immune to rotting.


Message History

Found a glowing hunting sling.
A bat comes into view.
Found 11 bolts.
Found a mace and 24 stones.
Found a robe and 25 stones.
Ijyb the Twisted Goblin comes into view.
He is wielding a dagger.
Ijyb shouts!
Found a bread ration.
A hobgoblin comes into view. It is wielding a club.
The bat barely misses you.
Found 11 gold pieces.
An orc comes into view. It is wielding a hand axe.
The bat hits you but does no damage.
Ijyb zaps a wand.
The bolt of lightning hits you!
Ouch! That really hurt!
It is a wand of lightning.
The bat hits you but does no damage.
Ijyb zaps a wand.
The bolt of lightning hits you!
You die...
Your body disappears without a glow.

.......o...
##.#.....#.#
##$...(.....### #
......g...)...#######.#
..............?.......
#....(...............
#..[...........# ....
#..(b...####...##....
#....@.%# #.#....... .
##.###### #......... ..
#.# ##........ ... #.#
####....#### ....
###.#######....##..#
..... #...##......####
#....
......#####.##...######
#### #....รท....#..###
#.........#.##


You could see Ijyb and a bat.

Vanquished Creatures
  3 adders (D:2)
  A dart slug (D:2)
  3 giant geckos
  3 bats
  A giant cockroach (D:2)
  2 goblins (D:2)
  A hobgoblin (D:2)
  4 jackals (D:2)
  4 giant newts
  A kobold (D:1)
  5 rats
28 creatures vanquished.

Notes
Turn   | Place    | Note
--------------------------------------------------------------
     0 | D:1      | Oddball22 the Vine Stalker Artificer began the quest for the Orb.
     0 | D:1      | Reached XP level 1. HP: 9/9 MP: 3/3
    27 | D:1      | Reached skill level 1 in Fighting
   327 | D:1      | Reached XP level 2. HP: 7/14 MP: 3/5
   583 | D:2      | Found a basalt altar of Yredelemnul.
   615 | D:2      | Reached XP level 3. HP: 12/18 MP: 2/6
   845 | D:2      | Found a sparkling altar of Nemelex Xobeh.
   846 | D:2      | Found an opulent altar of Gozag.
   851 | D:2      | Became a worshipper of Nemelex Xobeh the Trickster
  1006 | D:2      | Found a shadowy altar of Dithmenos.
  1056 | D:2      | You fall through a shaft!
  1060 | D:3      | Reached XP level 4. HP: 21/23 MP: 7/7
  1092 | D:3      | Noticed Ijyb
  1096 | D:3      | Killed from afar by Ijyb

Vault maps used:
D:1:      lightli_arrival_maybe_door_vault, grunt_decor_arrowhead,
          nrook_mini_vaults
D:2:      grunt_temple_overflow_opulence, old_standard_altar,
          old_standard_altar, glass_columns_c
D:3:      first_bread, uniq_sigmund, uniq_robin, uniq_crazy_yiuf_cottage,
          uniq_iyjb

Skill      XL: |  1  2  3 |
---------------+----------+-----
Fighting       | 1 2 |  2.7
Dodging        | 2 |  2.2
Short Blades   | |  0.8
Stealth        | |  1.2
Spellcasting   | |  0.2
Evocations     | |  2.6

Action                   |  1- 3 |  4- 6 || total
-------------------------+-------+-------++-------
Melee: Dagger            |    63 |       ||    63
       Short sword       |     2 |       ||     2
 Stab: Sleeping          |     3 |       ||     3
  Eat: Chunk             |       |     1 ||     1
